 Dungeon Crawl Stone Soup version 0.31.0-11-ge490571c62 (webtiles) character file.

Game seed: 3013799844536348563

106 Strat the Ducker (level 4, 34/34 HPs)
             Began as a Merfolk Conjurer on Feb 1, 2024.
             Was a Follower of Kikubaaqudgha.
             Quit the game on level 2 of the Dungeon.
             The game lasted 00:05:27 (2505 turns).

Strat the Ducker (Merfolk Conjurer)                 Turns: 2505, Time: 00:05:28

Health: 34/34      AC:  4    Str:  7    XL:     4   Next: 84%
Magic:  7/7        EV: 13    Int: 17    God:    Kikubaaqudgha [*.....]
Gold:   82         SH:  0    Dex: 14    Spells: 4/7 levels left

rFire   + . .        a - +0 spear
rCold   . . .        (no shield)
rNeg    . . .        f - +0 robe
rPois   .            (no helmet)
rElec   .            (no cloak)
rCorr   .            o - +0 pair of gloves
SInv    .            h - +0 pair of boots
Will    .....        (no amulet)
Stlth   ++           m - ring of protection from fire
HPRegen 0.25/turn    (no ring)
MPRegen 0.10/turn

%: no passive effects
@: no status effects
A: (nimble swimmer 2), mertail
a: Renounce Religion, Unearth Wretches


You were on level 2 of the Dungeon.
You worshipped Kikubaaqudgha.
Kikubaaqudgha was aware of your devotion.
You visited 1 branch of the dungeon, and saw 2 of its levels.

You collected 82 gold pieces.

Inventory:

Hand Weapons
 a - a +0 spear (weapon)
 d - a +0 dagger
 g - a +0 double sword
 k - a +0 short sword
Armour
 f - a +0 robe (worn)
 h - a +0 pair of boots (worn)
 o - a +0 pair of gloves (worn)
Jewellery
 m - a ring of protection from fire (left hand)
Scrolls
 e - 4 scrolls of identify {unknown}
 i - a scroll of enchant armour {unknown}
 j - a scroll of teleportation {unknown}
 n - a scroll of fog {unknown}
Potions
 b - a potion of magic
 c - 2 potions of degeneration {unknown}
 l - a potion of lignification {unknown}


   Skills:
 + Level 2.4 Fighting
 + Level 4.2 Dodging
 - Level 2.1 Stealth
 - Level 2.0 Spellcasting
 - Level 4.0 Conjurations


You had 4 spell levels left.
You knew the following spells:

 Your Spells              Type           Power      Damage    Failure   Level
a - Magic Dart            Conj           60%        1d6       3%          1
b - Searing Ray           Conj           30%        2d5       5%          2

Your spell library contained the following spells:

 Spells                   Type           Power      Damage    Failure   Level
 Kiss of Death            Conj/Necr      32%        2d7       9%          1
 Necrotise                Necr           4%         1d4       19%         1
 Sublimation of Blood     Necr           1%         N/A       28%         2
 Confusing Touch          Hex            1%         N/A       50%         3
 Fugue of the Fallen      Necr           1%         N/A       50%         3
 Fulminant Prism          Conj/Alch      4%         3d5       63%         4
 Iskenderun's Mystic Bla  Conj/Tloc      8%         2d4       63%         4
 Dispel Undead            Necr           1%         3d6       88%         4


Dungeon Overview and Level Annotations

Branches:
Dungeon (2/15)

Altars:
Kikubaaqudgha
Uskayaw


Innate Abilities, Weirdness & Mutations

((You are very nimble when in or above water. (Stealth+, EV+, Speed+++)))
Your lower body shifts to a powerful aquatic tail in water.


Message History

You now have 71 gold pieces (gained 10).
Found a stone staircase leading down.
There is a stone staircase leading down here.
Found a hide-covered altar of Uskayaw.
Found a stone staircase leading down.
You now have 82 gold pieces (gained 11).
There is a stone staircase leading down here.
Found a mace.
e - 4 scrolls labelled TIURHO HIHIOSO (gained 1)
A goblin comes into view. It is wielding a +0 dagger.
Found a club.
Casting: Searing Ray (safe; 5% risk of failure)
Confirm with . or Enter, or press ? or * to list all spells.
Aiming: Searing Ray (safe; 5% risk of failure)
Press: ? - help, Shift-Dir - straight line, f - goblin
Aim: a goblin, wielding a +0 dagger (asleep, 100% to hit)
The searing ray hits the goblin.
You kill the goblin! (Press . to maintain the ray.)
You see here a +0 club.
You see here a +0 dagger.
A bat comes into view.
Casting: Searing Ray (safe; 5% risk of failure)
Confirm with . or Enter, or press ? or * to list all spells.
Aiming: Searing Ray (safe; 5% risk of failure)
Press: ? - help, Shift-Dir - straight line, f - bat
Aim: a bat (asleep, 100% to hit)
The searing ray hits the bat!
You kill the bat! (Press . to maintain the ray.)
You see here a bat corpse.
You see here a bat corpse.
Found a faded altar of an unknown god.
There is a faded altar of an unknown god here.
This altar belongs to (a) Kikubaaqudgha, (b) Xom or (c) Elyvilon, but you can't tell which.
Press the corresponding letter to learn more about a god, or press enter to convert or escape to cancel.
Kikubaaqudgha accepts your prayer! Kikubaaqudgha welcomes you!
You can now bring forth the wretched and dying.
Kikubaaqudgha grants you a gift!
You add the spells Necrotise, Sublimation of Blood and Fugue of the Fallen to your library.
Are you sure you want to abandon this character and quit the game? (Confirm with "yes".)

###.####.##..#.######.....#####
#.# #.#.♣..♣..########.# #
###.####..♣♣♣♣♣♣....# #.# #
.......##♣♣♣♣♣♣♣)♣♣.### #.# #
###.##.#....♣.♣♣♣♣♣...# #.# #
#.......♣♣†♣♣♣♣♣♣.#.###.# #
#......♣♣.♣♣♣.♣♣........# #
####.#....♣.♣♣.♣♣♣♣.####### #
.....#..♣.♣.♣.♣.@♣..## #
######...♣♣♣.♣♣♣.♣♣..###### #
#....♣♣♣.♣.♣♣♣.......# #
#...♣.♣♣♣♣♣ ♣.#####.#######
######....#...# ♣.# #........
.......#.#...## ### #########
########...### #####


There were no monsters in sight!

Vanquished Creatures
  Jessica (D:2)
  Terence (D:2)
  An adder (D:2)
  2 dart slugs
  2 ball pythons (D:2)
  4 endoplasms (D:1)
  A giant cockroach (D:1)
  4 goblins
  7 hobgoblins
  5 kobolds (D:1)
  2 quokkas
  6 bats
  5 frilled lizards
  2 rats (D:1)
43 creatures vanquished.

Notes
Turn   | Place    | Note
-------+----------+-------------------------------------------
     0 | D:1      | Strat the Merfolk Conjurer began the quest for the Orb.
     0 | D:1      | Reached XP level 1. HP: 13/13 MP: 3/3
   225 | D:1      | Reached XP level 2. HP: 19/19 MP: 0/5
   281 | D:1      | Learned a level 2 spell: Searing Ray
   842 | D:1      | Reached XP level 3. HP: 24/24 MP: 3/6
  1511 | D:2      | Reached skill level 1 in Fighting
  1610 | D:2      | Noticed Terence
  1971 | D:2      | Noticed Jessica
  1973 | D:2      | Killed Jessica
  1974 | D:2      | Reached XP level 4. HP: 33/33 MP: 3/7
  2034 | D:2      | Killed Terence
  2297 | D:2      | Found a hide-covered altar of Uskayaw.
  2501 | D:2      | Found a faded altar of an unknown god.
  2504 | D:2      | Prayed at the altar of an unknown god.
  2504 | D:2      | Became a worshipper of Kikubaaqudgha
  2504 | D:2      | Reached * piety under Kikubaaqudgha
  2504 | D:2      | Received a gift from Kikubaaqudgha
  2505 | D:2      | Quit the game

Illustrated notes

Levels and vault maps discovered:
D:1:      minmay_arrival_semitransparent, layout_rooms,
          hangedman_feature_mirror, minmay_unequal
D:2:      layout_loops_ring, basic_altar, chequers_ecumenical_altar_grove,
          minmay_misc_feat_room, uniq_terence, uniq_jessica

Skill      XL: |  1  2  3  4 |
---------------+-------------+-----
Conjurations   | 4 |  4.0
Dodging        | 3 4 |  4.2
Fighting       | 2 |  2.4
Stealth        | |  2.1
Spellcasting   | |  2.0

Action                     |  1- 3 |  4- 6 || total
---------------------------+-------+-------++-------
  Melee: Short sword       |     6 |       ||     6
         Spear             |     7 |       ||     7
   Cast: Magic Dart        |    13 |       ||    13
         Searing Ray       |    30 |     6 ||    36
 Armour: Robe              |     9 |     3 ||    12
  Dodge: Dodged            |    16 |     4 ||    20
